 Dungeon Sprint DCSS version 0.27-a0-216-g1fbed8a51c (webtiles) character file.

Game seed: 17679811592891895198

7593 mhtbhm the Severer (level 10, -5/151 HPs)
             Began as a Minotaur Fighter on Jan 31, 2021.
             Was a High Priest of Okawaru.
             Slain by a merfolk impaler
             ... wielding a +0 trident
              (18 damage)
             ... in the Dungeon (Sprint VII: "The Pits").
             The game lasted 00:04:33 (2958 turns).

mhtbhm the Severer (Minotaur Fighter)               Turns: 2958, Time: 00:04:33

Health: -5/151     AC: 22    Str: 25    XL:     10   Next: 97%
Magic:  8/9        EV: 13    Int:  5    God:    Okawaru [*****.]
Gold:   0          SH: 14    Dex: 12    Spells: 9/9 levels left

rFire    . . .     SeeInvis .   a - +2 war axe (vorpal)
rCold    . . .     Faith    .   c - +0 kite shield
rNeg     . . .     Spirit   .   b - +4 chain mail
rPois    .         Reflect  .   (helmet restricted)
rElec    .         Harm     .   (no cloak)
rCorr    .         Rampage  .   s - +0 pair of gloves
Will     .....     NoTele   +   (no boots)
Stlth    ..........             (no amulet)
HPRegen  0.35/turn              o - +3 ring of protection
MPRegen  0.11/turn              q - +3 ring of dexterity

@: berserking, lethally poisoned (-5 -> -8), very quick
A: retaliatory headbutt, horns 2
a: Renounce Religion, Heroism, Finesse


You were in the Dungeon.
You worshipped Okawaru.
Okawaru was extremely pleased with you.
You visited 1 branch

Inventory:

Hand Weapons
 a - a +2 vorpal war axe (weapon)
Missiles
 t - 4 javelins
 u - 3 curare-tipped darts (quivered)
Armour
 b - a +4 chain mail (worn)
 c - a +0 kite shield (worn)
 s - a +0 pair of gloves (worn)
Jewellery
 o - a +3 ring of protection (left hand)
 q - a +3 ring of dexterity (right hand)
Scrolls
 j - a scroll of blinking
 l - 3 scrolls of remove curse
 m - 5 scrolls of amnesia
 n - a scroll of summoning
Potions
 d - 2 potions of might
 e - 5 potions of curing
 f - 4 potions of heal wounds
 g - a potion of haste
 h - 4 potions of magic
 i - a potion of berserk rage
 k - a potion of invisibility
 p - 3 potions of mutation
 r - 2 potions of brilliance


   Skills:
 + Level 13.1 Fighting
 + Level 16.0 Axes
 + Level 0.5 Throwing
 + Level 15.8 Armour
 + Level 8.7 Dodging
 + Level 2.2 Stealth
 + Level 14.4 Shields
 + Level 1.1 Invocations


You had 9 spell levels left.
You didn't know any spells.
Your spell library was empty.

Dungeon Overview and Level Annotations

Branches:
Dungeon (1/1)

Altars:
Ashenzari
Cheibriados
Dithmenos
Elyvilon
Fedhas
Gozag
Hepliaklqana
Kikubaaqudgha
Makhleb
Nemelex Xobeh
Okawaru
Qazlal
Ru
Sif Muna
Trog
Uskayaw
Vehumet
Wu Jian
Xom
Yredelemnul
Zin
The Shining One
Beogh
Jiyva
Lugonu

Annotations:
D Ilsuiw


Innate Abilities, Weirdness & Mutations

You reflexively headbutt those who attack you in melee.
You have a pair of horns on your head.


Message History

* * * LOW HITPOINT WARNING * * *
You are poisoned.
You slice the merfolk impaler!!
The merfolk impaler is heavily wounded.
You barely miss the merfolk impaler. You slash the merfolk impaler!
You feel sick. The merfolk impaler misses you.
Unknown command.
You barely miss the merfolk impaler.
The merfolk impaler is heavily wounded.
Your chain mail prevents you from hitting the merfolk impaler.
You slice the merfolk impaler!!
The merfolk impaler hits you with a +0 trident!!
* * * LOW HITPOINT WARNING * * *
The merfolk impaler closely misses you.
The merfolk impaler hits you but does no damage.
You closely miss the merfolk impaler. You headbutt the merfolk impaler!!
The merfolk impaler is severely wounded.
You hit the merfolk impaler. You slice the merfolk impaler!!
You feel sick.
The merfolk impaler hits you with a +0 trident!!
You die...

##...##...#..#
##..##...##..#
##).#...##...+
##..'..##....###
##.##..#.......# .
####...'...... ## ... #
#....#.).†#### .##....
##..#).##..##..##m.'....
##.###..##.'))..@m(#
####.##..#)##..##m.# #
#...'..').#### E.#
##....#.)##.k.......#
########## ##########


You could see 3 merfolk impalers and a water elemental (summoned).

Vanquished Creatures
  A hydra (D)
  An anaconda (D)
  A centaur warrior (D)
  A two-headed ogre (D)
  Sonja (D)
  A phantasmal warrior (D)
  A lindwurm (D)
  A deep elf zephyrmancer (D)
  A manticore (D)
  A black mamba (D)
  An efreet (D)
  A freezing wraith (D)
  A hellwing (D)
  A troll (D)
  A jumping spider (D)
  A ynoxinul (D)
  A fire bat (D)
  3 water moccasins (D)
  A swamp drake (D)
  2 wolves (D)
  A big kobold (D)
  3 killer bees (D)
  A crimson imp (D)
  A jelly (D)
  A gnoll shaman (D)
  An iron imp (D)
  An iguana (D)
  4 gnolls (D)
  An adder (D)
  A river rat (D)
  An ufetubus (D)
  An ooze (D)
  A giant cockroach (D)
  A goblin (D)
  A hobgoblin (D)
  6 jackals (D)
  A frilled lizard (D)
  2 kobolds (D)
  A rat (D)
53 creatures vanquished.

Notes
Turn   | Place    | Note
-------+----------+-------------------------------------------
     0 | D        | mhtbhm the Minotaur Fighter began the quest for the Orb.
     0 | D        | Reached XP level 1. HP: 19/19 MP: 0/0
    21 | D        | Found a bloodstained altar of Trog.
    21 | D        | Found a shimmering blue altar of Sif Muna.
    21 | D        | Found a viscous altar of Jiyva.
    21 | D        | Found a hazy altar of Hepliaklqana.
    21 | D        | Found an opulent altar of Gozag.
    22 | D        | Found a glowing golden altar of the Shining One.
    22 | D        | Found a glowing silver altar of Zin.
    22 | D        | Found a basalt altar of Yredelemnul.
    22 | D        | Found a shimmering altar of Xom.
    22 | D        | Found an ornate altar of the Wu Jian Council.
    22 | D        | Found a sacrificial altar of Ru.
    22 | D        | Found a stormy altar of Qazlal.
    22 | D        | Found an iron altar of Okawaru.
    22 | D        | Found a sparkling altar of Nemelex Xobeh.
    22 | D        | Found a burning altar of Makhleb.
    22 | D        | Found a blossoming altar of Fedhas.
    22 | D        | Found a white marble altar of Elyvilon.
    22 | D        | Found a shadowy altar of Dithmenos.
    22 | D        | Found a snail-covered altar of Cheibriados.
    25 | D        | Found a corrupted altar of Lugonu.
    25 | D        | Found a radiant altar of Vehumet.
    25 | D        | Found a roughly hewn altar of Beogh.
    26 | D        | Found an ancient bone altar of Kikubaaqudgha.
    26 | D        | Found a hide-covered altar of Uskayaw.
    26 | D        | Found a broken altar of Ashenzari.
    30 | D        | Became a worshipper of Warmaster Okawaru
    82 | D        | Reached XP level 2. HP: 21/28 MP: 1/1
   175 | D        | Reached skill level 5 in Fighting
   175 | D        | Reached skill level 3 in Axes
   361 | D        | Noticed a water moccasin
   363 | D        | Reached skill level 5 in Armour
   371 | D        | Killed a water moccasin
   371 | D        | Reached * piety under Okawaru
   372 | D        | Reached skill level 5 in Axes
   372 | D        | Reached skill level 1 in Dodging
   372 | D        | Reached XP level 3. HP: 8/39 MP: 2/2
   372 | D        | Reached XP level 4. HP: 10/47 MP: 3/3
   746 | D        | Noticed a big kobold
   749 | D        | Noticed a water moccasin
   749 | D        | Noticed a water moccasin
   752 | D        | Killed a big kobold
   752 | D        | Reached ** piety under Okawaru
   753 | D        | Reached skill level 6 in Axes
   753 | D        | Reached XP level 5. HP: 53/53 MP: 1/4
   768 | D        | Killed a water moccasin
   769 | D        | Reached skill level 8 in Axes
   769 | D        | Reached XP level 6. HP: 41/62 MP: 2/5
   770 | D        | Killed a water moccasin
   770 | D        | Reached *** piety under Okawaru
   771 | D        | Reached skill level 9 in Axes
   945 | D        | Noticed a ynoxinul
   957 | D        | Killed a ynoxinul
   958 | D        | Reached skill level 10 in Axes
   958 | D        | Reached skill level 10 in Armour
   958 | D        | Reached XP level 7. HP: 67/70 MP: 6/6
  1230 | D        | Noticed a lindwurm
  1230 | D        | Noticed a phantasmal warrior
  1242 | D        | Killed a lindwurm
  1243 | D        | Reached skill level 10 in Fighting
  1243 | D        | Reached skill level 11 in Axes
  1243 | D        | Reached skill level 5 in Dodging
  1243 | D        | Reached skill level 10 in Shields
  1243 | D        | Reached XP level 8. HP: 52/79 MP: 7/7
  1261 | D        | Killed a phantasmal warrior
  1261 | D        | Reached **** piety under Okawaru
  1262 | D        | Reached skill level 12 in Axes
  1262 | D        | Reached skill level 1 in Stealth
  1561 | D        | Noticed a deep elf zephyrmancer
  1561 | D        | Noticed a centaur warrior
  1568 | D        | Killed a deep elf zephyrmancer
  1568 | D        | Received a gift from Okawaru
  1569 | D        | Reached skill level 13 in Axes
  1569 | D        | Reached XP level 9. HP: 58/86 MP: 8/8
  1572 | D        | Killed a centaur warrior
  1573 | D        | Reached skill level 1 in Invocations
  1790 | D        | Noticed a troll
  1798 | D        | Killed a troll
  1798 | D        | Reached ***** piety under Okawaru
  1900 | D        | Noticed a five-headed hydra
  1900 | D        | Noticed Sonja
  1923 | D        | Killed a 16-headed hydra
  1924 | D        | Reached skill level 14 in Axes
  1925 | D        | Killed Sonja
  1926 | D        | Reached XP level 10. HP: 12/97 MP: 9/9
  1935 | D        | HP: 4/97 [poisoned by Sonja (curare-tipped dart)]
  1940 | D        | HP: 4/97 [poisoned by Sonja (curare-tipped dart)]
  1945 | D        | HP: 4/97 [poisoned by Sonja (curare-tipped dart)]
  2522 | D        | Noticed a black mamba
  2533 | D        | Killed a black mamba
  2558 | D        | Reached skill level 15 in Armour
  2565 | D        | Reached skill level 15 in Axes
  2571 | D        | Received a gift from Okawaru
  2579 | D        | Noticed a two-headed ogre
  2615 | D        | Killed a two-headed ogre
  2918 | D        | Noticed an anaconda
  2918 | D        | Noticed a merfolk impaler
  2919 | D        | Noticed a manticore
  2922 | D        | Noticed a merfolk impaler
  2923 | D        | Noticed a merfolk impaler
  2925 | D        | Noticed Ilsuiw
  2927 | D        | Killed a manticore
  2930 | D        | Killed an anaconda
  2934 | D        | Reached skill level 16 in Axes
  2958 | D        | Slain by a merfolk impaler

Illustrated notes

Levels and vault maps discovered:
D:        pitsprint [storerooms_1, entrance_room_1, metal_vault_7, armoury_3,
          mini_pit_1, grid_room_1, main_hall_1, silver_pit, the_coven_2,
          the_vestibule_1, steel_vault_3, golden_pit, hallway_of_sentries,
          crystal_vault_6, iron_vault_1, final_vault]

Skill      XL: |  1  2  3  4  5  6  7  8  9 10 |
---------------+-------------------------------+-----
Fighting       | 4 7 8 9 10 12 13 | 13.1
Armour         | 4 7 8 10 11 12 14 15 | 15.8
Shields        | 4 6 7 9 10 11 12 14 | 14.4
Axes           | 5 6 8 10 11 13 14 16 | 16.0
Dodging        | 1 2 4 5 6 7 8 |  8.7
Stealth        | 1 2 |  2.2
Invocations    | 1 |  1.1
Throwing       | |  0.5

Action                   |  1- 3 |  4- 6 |  7- 9 | 10-12 || total
-------------------------+-------+-------+-------+-------++-------
Melee: Hand axe          |    24 |    34 |    44 |       ||   102
       War axe           |     2 |       |    29 |    83 ||   114
       Headbutt          |     2 |     9 |    20 |    26 ||    57
Throw: Dart              |       |       |       |     5 ||     5
Invok: Heroism           |       |     1 |       |     1 ||     2
  Use: Potion            |       |     1 |     6 |     6 ||    13
Armor: Scale mail        |    10 |    19 |    10 |       ||    39
       Chain mail        |       |       |    43 |    56 ||    99
Dodge: Dodged            |    11 |    13 |    77 |    59 ||   160
Block: Kite shield       |    20 |    22 |    65 |    78 ||   185

Table legend: (Time is in decaauts)
 A = Elapsed time spent in this place.
 B = Non-inter-level travel time spent in this place.
 C = Inter-level travel time spent in this place.
 D = Time resting spent in this place.
 E = Time spent auto-exploring this place.
 F = Levels seen in this place.
 G = Mean time per level.
                   A        B        C        D        E       F      G
               +--------+--------+--------+--------+--------+-----+--------+
         Total |   2955 |   2887 |     68 |   2330 |      0 |   1 | 2955.0 |
       Dungeon |   2955 |   2887 |     68 |   2330 |      0 |   1 | 2955.0 |
               +--------+--------+--------+--------+--------+-----+--------+

Top non-repeatable levels by time:
       D: 2955 daAuts
